 Dungeon Crawl Stone Soup version 0.16.2-12-gd0ad4c3 (webtiles) character file.

80 kroki the Chopper (level 4, -4/38 HPs)
             Began as a Minotaur Skald on Mar 15, 2016.
             Killed by nerve-wracking pain
             ... invoked by Grinder
              (12 damage)
             ... while paralysed by Grinder
             ... on level 3 of the Dungeon.
             The game lasted 00:02:29 (2162 turns).

kroki the Chopper (Minotaur Skald)                  Turns: 2162, Time: 00:02:29

Health: -4/38      AC:  8    Str: 16    XL:     4   Next: 18%
Magic:  4/4        EV:  2    Int:  9    God:
Gold:   96         SH:  0    Dex: 11    Spells: 1 memorised, 4 levels left

rFire  + . .     SeeInvis .     n - -2 mace (curse)
rCold  + . .     Clarity  .     h - +0 chain mail
rNeg   . . .     SustAb   .     (no shield)
rPois  +         Gourm    .     (helmet restricted)
rElec  +         Spirit   .     (no cloak)
rCorr  +         Warding  .     (no gloves)
rMut   .         Stasis   .     (no boots)
MR     .....                    (no amulet)
Stlth  ..........               (no ring)
                                (no ring)

@: paralysed, resistant, not resistant to hostile enchantments, extremely
unstealthy
A: retaliatory headbutt, horns 2
a: no special abilities


You were on level 3 of the Dungeon.
You were not hungry.

You visited 1 branch of the dungeon, and saw 3 of its levels.

You collected 96 gold pieces.

Inventory:

Hand weapons
 a - a +1 hand axe
 i - a +0 flail
   (You found it on level 2 of the Dungeon)
 n - a cursed -2 mace (weapon)
   (You found it on level 1 of the Dungeon)
Armour
 b - a +0 leather armour
 h - a +0 chain mail (worn)
   (You took it off a kobold on level 1 of the Dungeon)
 m - a +0 scale mail
   (You found it on level 1 of the Dungeon)
Jewellery
 j - an uncursed ring of poison resistance {unknown}
   (You found it on level 1 of the Dungeon)
Books
 c - a book of Battle
Miscellaneous
 k - a plain deck of changes
   (You found it on level 1 of the Dungeon)
Comestibles
 d - 2 bread rations {@e1}


   Skills:
 + Level 3.4 Fighting
 * Level 4.8 Axes
 - Level 1.2 Armour
 - Level 1.1 Dodging
 - Level 1.3 Spellcasting
 - Level 2.0 Charms


You had 4 spell levels left.
You knew the following spells:

 Your Spells              Type           Power        Failure   Level  Hunger
a - Infusion              Chrm           #.....       100%        1    ##.....


Dungeon Overview and Level Annotations

Branches:
Dungeon (3/15)

Altars:
Nemelex Xobeh

Annotations:
D:3 Grinder


Innate Abilities, Weirdness & Mutations

You reflexively headbutt those who attack you in melee.
You have a pair of horns on your head.


Message History

Your chain mail prevents you from hitting the bat.
The bat hits you but does no damage.
A bat is nearby!
The bat barely misses you.
A bat is nearby!
You closely miss the bat. Your headbutt misses the bat. The bat hits you.
A bat is nearby!
The bat hits you but does no damage.
A bat is nearby!
The bat hits you but does no damage.
A bat is nearby!
You hit the bat but do no damage. The bat hits you but does no damage.
A bat is nearby!
A bat is nearby!
You sock the bat!
You kill the bat!
d - 2 bread rations {@e1} (gained 1) Grinder comes into view.
Grinder shouts!
Grinder gestures at you.
You suddenly lose the ability to move!
Grinder gestures.
Grinder blinks!
You can move again.
Grinder is too close now for your liking.
Unknown command.
Unknown command.
Unknown command.
Read which item? (? for menu, Esc to quit)
You don't have any such object.
Read which item? (? for menu, Esc to quit)
You don't have any such object.
Read which item? (? for menu, Esc to quit)
Okay, then.
Unknown command.
Drink which item? (? for menu, Esc to quit)
It was a potion of resistance.
You feel protected. Grinder gestures at you.
You barely resist.
Drink which item? (? for menu, Esc to quit)
It was a potion of heal wounds.
You feel much better. Grinder hits you!
You writhe in agony.
You take 13 damage, and have 18/31 hp.
MASSIVE DAMAGE!!
Drink which item? (? for menu, Esc to quit)
It was a potion of might.
You feel very mighty all of a sudden. Grinder hits you.
You writhe in agony.
You writhe in agony.
You take 2 damage, and have 16/31 hp.
Unknown command.
You closely miss Grinder. You headbutt Grinder! Grinder hits you.
You take 1 damage, and have 15/31 hp.
You hit Grinder. Your headbutt misses Grinder.
Grinder gestures.
Grinder blinks!
Grinder gestures.
Grinder blinks!
Unknown command.
Found a stone staircase leading down.
Ijyb the Twisted Goblin comes into view.
He is wielding an enchanted club.
You hit Ijyb. Ijyb barely misses you.
You hit Ijyb. You headbutt Ijyb!
You kill Ijyb!
You have reached level 4!
You feel agile.
You regained 3 hp, and now have 20/38 hp.
MP restored: 4 You see here an enchanted club.
Unknown command.
Unknown command.
Your chain mail prevents you from hitting Grinder.
Grinder hits you!
You writhe in agony.
You take 9 damage, and have 12/38 hp.
MASSIVE DAMAGE!!
You aren't carrying any potions.
Unknown command.
You hit Grinder.
Grinder gestures.
Grinder blinks!
Grinder rolls his eyes.
Grinder closely misses you.
Unknown command.
You closely miss Grinder. Grinder hits you.
* * * LOW HITPOINT WARNING * * *
You take 5 damage, and have 7/38 hp.
Unknown command.
You sock Grinder!
You feel a little less mighty now. Grinder gestures at you.
You resist with significant effort.
Grinder says, "FISH!"
Grinder gestures at you.
You suddenly lose the ability to move!
Grinder hits you but does no damage.
Grinder gestures.
Grinder blinks!
Grinder gestures at you. Pain shoots through your body!
You die...

###.. #. ..# #. #.#
#. #)# #. #.# #.#
#. #.#######. #..
#.##5[....... ##.#
#.#..ยง....... ....
#...@......## .#.
###.######... # #.
#.#........ ..#.##
#>.................
###.....#...... #
#.....#...... #
#.....#......####
#.....#..........
##...............


You could see Grinder.

Vanquished Creatures
  Ijyb (D:3)
  2 adders (D:2)
  2 worms (D:2)
  2 giant geckos (D:1)
  An ooze (D:1)
  6 goblins
  3 hobgoblins
  A quokka (D:2)
  A ball python (D:3)
  6 bats
  2 giant newts
  3 kobolds
  3 rats
33 creatures vanquished.

Notes
Turn   | Place    | Note
--------------------------------------------------------------
     0 | D:1      | kroki, the Minotaur Skald, began the quest for the Orb.
     0 | D:1      | Reached XP level 1. HP: 18/18 MP: 2/2
   271 | D:1      | Reached skill level 3 in Axes
   356 | D:1      | Reached XP level 2. HP: 19/25 MP: 2/2
   595 | D:1      | Found a sparkling altar of Nemelex Xobeh.
   949 | D:2      | Reached skill level 3 in Fighting
  1045 | D:2      | Reached XP level 3. HP: 31/31 MP: 3/3
  1069 | D:2      | Reached skill level 4 in Axes
  2113 | D:3      | Noticed Grinder
  2113 | D:3      | Paralysed by Grinder for 3 turns
  2142 | D:3      | Noticed Ijyb
  2147 | D:3      | Killed Ijyb
  2147 | D:3      | Reached XP level 4. HP: 20/38 MP: 4/4
  2157 | D:3      | HP: 7/38 [Grinder (5)]
  2158 | D:3      | Paralysed by Grinder for 6 turns
  2162 | D:3      | Killed from afar by Grinder

Action                   |  1- 3 |  4- 6 || total
-------------------------+-------+-------++-------
Melee: Hand axe          |    73 |       ||    73
       Mace              |    20 |     4 ||    24
  Use: Scroll            |     2 |       ||     2
       Potion            |     3 |       ||     3
  Eat: Meat ration       |     1 |       ||     1
       Beef jerky        |     1 |       ||     1

Vault maps used:
D:1:      matt_arrival_diagonals, minmay_misc_feat_plants, minivault_11,
          nemelex_deck
D:3:      first_bread, uniq_grinder, uniq_iyjb

Table legend:
 A = Turns spent in this place as a percentage of turns spent in the entire game.
 B = Non-inter-level travel turns spent in this place as a percentage of non-inter-level travel turns spent in the entire game.
 C = Inter-level travel turns spent in this place as a percentage of turns spent in this place.
 D = Turns resting spent in this place as a percentage of non-inter-level travel turns spent in this place.
 E = Turns spent auto-exploring this place as a percentage of non-inter-level travel turns spent in this place.
 F = Non-inter-level travel turns spent in this place divided by the number of levels of this place that you've seen.
                   A       B       C       D       E      F
               +-------+-------+-------+-------+-------+----------------------
         Total | 100.0 | 100.0 |   1.2 |   0.6 |  16.3 | 343.3
       Dungeon | 100.0 | 100.0 |   1.2 |   0.6 |  16.3 | 343.3
               +-------+-------+-------+-------+-------+----------------------

Table legend:
 A = Kills in this place as a percentage of kills in entire the game.
 B = Kills by you in this place as a percentage of kills by you in the entire game.
 C = Kills by friends in this place as a percentage of kills by friends in the entire game.
 D = Other kills in this place as a percentage of other kills in the entire game.
 E = Experience gained in this place as a percentage of experience gained in the entire game.
 F = Experience gained in this place divided by the number of levels of this place that you have seen.
                   A       B       C       D       E      F
               +-------+-------+-------+-------+-------+----------------------
         Total | 100.0 | 100.0 |  -nan |  -nan | 100.0 |  38.3
       Dungeon | 100.0 | 100.0 |  -nan |  -nan | 100.0 |  38.3
               +-------+-------+-------+-------+-------+----------------------
